 Dungeon Crawl Stone Soup version 0.23.1 (console) character file.

Game seed: 3018037316754134637

13904 fly the Arsonist (level 12, -1/114 HPs)
             Began as an Ogre Fire Elementalist on Mar 15, 2019.
             Was a Follower of Uskayaw.
             Slain by a sixfirhy (2 damage)
             ... in a Gauntlet.
             The game lasted 00:30:43 (11233 turns).

fly the Arsonist (Ogre Fire Elementalist)          Turns: 11233, Time: 00:30:43

Health: -1/114     AC:  6    Str: 18    XL:     12   Next: 10%
Magic:  20/25      EV: 15    Int: 16    God:    Uskayaw [*.....]
Gold:   371        SH:  0    Dex: 13    Spells: 17/29 levels left

rFire    . . .     SeeInvis .   a - +2 dagger (venom)
rCold    . . .     Gourm    .   (no shield)
rNeg     . . .     Faith    .   y - +0 robe
rPois    .         Spirit   .   (helmet restricted)
rElec    .         Reflect  .   (no cloak)
rCorr    .         Harm     .   (gloves unavailable)
MR       +....     NoTele   +   (boots unavailable)
Stlth    ++........             p - amulet of regeneration
HPRegen  0.69/turn              s - +3 ring of protection
MPRegen  0.19/turn              D - +3 ring of strength

@: no status effects
A: large, unfitting armour, tough skin 1
a: Stomp, Renounce Religion


You were in a Gauntlet.
You worshipped Uskayaw.
Uskayaw was noncommittal.
You were hungry.

You visited 3 branches of the dungeon, and saw 12 of its levels.
You also visited: Gauntlet.

You collected 545 gold pieces.
You spent 174 gold pieces at shops.

Inventory:

Hand Weapons
 a - a +2 dagger of venom (weapon)
 b - a +2 mace of holy wrath
Armour
 y - a +0 robe (worn)
Jewellery
 e - an uncursed ring of protection from fire
 p - an amulet of regeneration (around neck)
 s - a +3 ring of protection (left hand)
 D - a +3 ring of strength (right hand)
Wands
 m - a wand of clouds (6)
 u - a wand of iceblast (23)
 w - a wand of disintegration (15)
 x - a wand of acid (8)
 C - a wand of paralysis (5)
 I - a wand of flame (18)
Scrolls
 i - a scroll of summoning {unknown}
 k - 5 scrolls of teleportation
 n - 7 scrolls of amnesia {unknown}
 o - 4 scrolls of fog
 r - 2 scrolls of blinking
 v - 2 scrolls of fear {unknown}
 B - a scroll of random uselessness {unknown}
Potions
 d - a potion of resistance
 g - 5 potions of curing
 h - 3 potions of ambrosia
 j - a potion of magic {unknown}
 l - a potion of might {unknown}
 t - a potion of flight {unknown}
 F - a potion of cancellation {unknown}
 G - 2 potions of agility {unknown}
 H - a potion of brilliance {unknown}
Comestibles
 c - 19 rations


   Skills:
 - Level 6.0 Fighting
 - Level 9.0 Dodging
 - Level 1.4 Stealth
 - Level 9.0 Spellcasting
 + Level 9.4 Conjurations
 + Level 9.4 Fire Magic


You had 17 spell levels left.
You knew the following spells:

 Your Spells              Type           Power        Failure   Level  Hunger
c - Conjure Flame         Conj/Fire      #####...     1%          3    #......
n - Inner Flame           Hex/Fire       ###.....     4%          3    #......
t - Fireball              Conj/Fire      #####.....   6%          5    #####..
z - Flame Tongue          Conj/Fire      #####        1%          1    None

Your spell library contained the following spells:

 Spells                   Type           Power        Failure   Level  Hunger
 Shock                    Conj/Air       ###.         1%          1    None
 Throw Flame              Conj/Fire      #####.       1%          2    None
 Sticky Flame             Conj/Fire      #####...     1%          4    ###....
 Static Discharge         Conj/Air       ###.....     4%          3    #......
 Swiftness                Chrm/Air       #.......     16%         2    None
 Bolt of Magma            Conj/Fire/Erth ####......   22%         5    #####..
 Iskenderun's Battlesphe  Conj/Chrm      ###.....     38%         5    #####..
 Lightning Bolt           Conj/Air       ###.......   38%         5    #####..
 Venom Bolt               Conj/Pois      ###.......   38%         5    #####..
 Airstrike                Air            #.........   69%         4    ###....
 Orb of Destruction       Conj           #####.....   87%         7    #######
 Iron Shot                Conj/Erth      ###.......   92%         6    ######.
 Spellforged Servitor     Conj/Summ      ###.......   100%        7    #######


Dungeon Overview and Level Annotations

Branches:
Dungeon (8/15)             Temple (1/1) D:6            Lair (3/6) D:8
  Swamp: Lair:2-4    Shoals: Lair:2-4     Snake: Lair:2-4    Spider: Lair:2-4

Altars:
Ashenzari
Cheibriados
Dithmenos
Elyvilon
Fedhas
Gozag
Hepliaklqana
Kikubaaqudgha
Makhleb
Nemelex Xobeh
Okawaru
Qazlal
Ru
Sif Muna
Trog
Uskayaw
Vehumet
Wu Jian
Xom
Yredelemnul
Zin
The Shining One

Shops:
D:5 ?

Annotations:
D:3 2 transporters, Flogoulo's ghost, amateur TrAK Gauntlet 5 transporters


Innate Abilities, Weirdness & Mutations

You are too large for most types of armour.
You have tough skin. (AC +1)


Message History

* * * LOW HITPOINT WARNING * * *
The sixfirhy shocks you!
* * * LOW HITPOINT WARNING * * *
The sixfirhy closely misses you. The sixfirhy hits you.
* * * LOW HITPOINT WARNING * * *
The sixfirhy shocks you!
* * * LOW HITPOINT WARNING * * *
The sixfirhy closely misses you. The sixfirhy barely misses you.
You feel much better. The sixfirhy hits you!
* * * LOW HITPOINT WARNING * * *
The sixfirhy shocks you!
* * * LOW HITPOINT WARNING * * *
The sixfirhy hits you!
* * * LOW HITPOINT WARNING * * *
The sixfirhy shocks you!
* * * LOW HITPOINT WARNING * * *
The sixfirhy hits you.
You die...

h...#.#.........#.#.^^.
#.#.#.#..##.##..#.#^#^#
..#.#.#.##...##.#.#..#.
.##.#.#.#.....#.#.#.#.#
.#..#.#....©....#.#..#.
##..#.#.#.....#.#.#^#.#
#...#.#.##.55##5#.#^.#
#.#.#.#..##3##..#.#.#.#
....#.#....@?%..#.#....
#######################
#©.........©.........©#
#######################
.....©#≈≈≈≈8≈§§§#©.....
#######################
#.......##.#b....##).
#.....#.#.#..###.


You could see a sixfirhy, a fire bat and 2 ufetubi.

Vanquished Creatures
  A hydra (Lair:1)
  Pikel (D:4)
  A black mamba (Lair:3)
  Joseph (Lair:1)
  3 spiny frogs
  4 komodo dragons
  A rime drake (Lair:1)
  8 blink frogs
  5 hippogriffs
  15 yaks (Lair:3)
  6 water moccasins
  9 porcupines
  5 ice beasts
  3 black bears
  2 orc warriors (D:8)
  A sky beast (D:7)
  A necrophage (D:7)
  A wolf (D:7)
  An ogre (D:7)
  A phantom (D:8)
  4 centaurs
  8 crocodiles
  Blork the orc (D:5)
  9 bullfrogs
  A scorpion (D:5)
  A killer bee (D:7)
  A howler monkey (D:5)
  2 crimson imps (D:5)
  A jelly (D:5)
  A quasit (D:7)
  An orc priest (D:8)
  A hound (D:4)
  8 orc wizards
  2 centaur skeletons
  An iguana (D:5)
  3 worker ants
  A hound zombie (D:5)
  A howler monkey zombie (D:8)
  7 adders
  A shadow imp (D:5)
  An ooze (D:5)
  4 worms
  2 dart slugs
  A leopard gecko (D:3)
  18 orcs
  A ball python (D:3)
  13 bats
  5 giant cockroaches
  13 goblins
  7 hobgoblins
  17 jackals
  A quokka (D:8)
  A ball python skeleton (D:4)
  7 frilled lizards
  6 kobolds
  11 rats
233 creatures vanquished.

Vanquished Creatures (others)
  A bush (Lair:2)
  6 fungi
  2 plants (Lair:2)
9 creatures vanquished.

Grand Total: 242 creatures vanquished

Notes
Turn   | Place    | Note
-------+----------+-------------------------------------------
     0 | D:1      | fly the Ogre Fire Elementalist began the quest for the Orb.
     0 | D:1      | Reached XP level 1. HP: 16/16 MP: 3/3
    43 | D:1      | Reached skill level 1 in Conjurations
   194 | D:1      | Reached XP level 2. HP: 24/24 MP: 3/5
   786 | D:1      | Reached XP level 3. HP: 31/31 MP: 5/7
  1577 | D:2      | Reached XP level 4. HP: 39/39 MP: 5/8
  1798 | D:2      | Learned a level 3 spell: Conjure Flame
  1802 | D:2      | Learned a level 3 spell: Inner Flame
  2264 | D:3      | Found a transporter.
  2264 | D:3      | Noticed Flogoulo's ghost (amateur TrAK)
  2266 | D:3      | Noticed a bullfrog
  2278 | D:3      | Found a transporter.
  2288 | D:3      | Found a glowing silver altar of Zin.
  2456 | D:3      | Reached XP level 5. HP: 42/45 MP: 4/10
  3159 | D:4      | Noticed a slave
  3160 | D:4      | Noticed Pikel
  3161 | D:4      | Noticed a slave
  3161 | D:4      | Noticed a slave
  3162 | D:4      | Noticed a slave
  3187 | D:4      | Killed Pikel
  3187 | D:4      | Reached skill level 5 in Spellcasting
  3187 | D:4      | Reached XP level 6. HP: 46/53 MP: 9/13
  3187 | D:4      | Reached XP level 7. HP: 51/59 MP: 9/14
  3428 | D:4      | Reached skill level 5 in Dodging
  3902 | D:5      | Entered Level 5 of the Dungeon
  3907 | D:5      | Noticed Blork the orc
  4013 | D:5      | Reached XP level 8. HP: 66/67 MP: 2/15
  4263 | D:5      | Killed Blork the orc
  4495 | D:5      | Found Soetip's Magic Scroll Shop.
  4503 | D:5      | Bought a scroll of identify for 24 gold pieces
  4503 | D:5      | Bought a scroll of identify for 24 gold pieces
  4503 | D:5      | Bought a scroll of teleportation for 36 gold pieces
  4503 | D:5      | Bought a scroll of blinking for 90 gold pieces
  4964 | D:6      | Found a radiant altar of Vehumet.
  5009 | D:6      | Found a staircase to the Ecumenical Temple.
  5038 | Temple   | Entered the Ecumenical Temple
  5084 | Temple   | Became a worshipper of Uskayaw the Reveler
  5492 | D:6      | Reached * piety under Uskayaw
  5495 | D:6      | Reached ** piety under Uskayaw
  5522 | D:6      | Learned a level 5 spell: Fireball
  5627 | D:7      | Reached XP level 9. HP: 67/74 MP: 12/18
  5703 | D:7      | Reached skill level 5 in Conjurations
  5703 | D:7      | Reached skill level 5 in Fire Magic
  6646 | D:7      | Reached skill level 1 in Fighting
  6736 | D:7      | Reached *** piety under Uskayaw
  6739 | D:7      | Reached **** piety under Uskayaw
  7044 | D:8      | Reached skill level 5 in Fighting
  7125 | D:8      | Found a staircase to the Lair.
  7378 | D:8      | Reached XP level 10. HP: 46/95 MP: 6/20
  8336 | Lair:1   | Entered Level 1 of the Lair of Beasts
  8349 | Lair:1   | Noticed Joseph
  8359 | Lair:1   | Killed Joseph
  8566 | Lair:1   | Noticed a spiny frog
  8578 | Lair:1   | Killed a spiny frog
  8749 | Lair:1   | Noticed a five-headed hydra
  8757 | Lair:1   | HP: 3/98 [five-headed hydra (14)]
  8758 | Lair:1   | Killed a five-headed hydra
  8922 | Lair:1   | Reached XP level 11. HP: 104/105 MP: 19/24
 10855 | Lair:3   | Reached XP level 12. HP: 27/114 MP: 6/25
 11098 | Lair:3   | Found a gate leading to a gauntlet.
 11127 | Gauntlet | Entered a Gauntlet
 11127 | Gauntlet | Found a transporter.
 11206 | Gauntlet | Found a transporter.
 11214 | Gauntlet | Found a transporter.
 11215 | Gauntlet | Found a transporter.
 11219 | Gauntlet | Found a transporter.
 11221 | Gauntlet | HP: 3/114 [sixfirhy (12)]
 11224 | Gauntlet | Found a transporter.
 11233 | Gauntlet | HP: 1/114 [sixfirhy (9)]
 11233 | Gauntlet | Slain by a sixfirhy

Skill      XL: |  1  2  3  4  5  6  7  8  9 10 11 |
---------------+----------------------------------+-----
Conjurations   | 1 2 3 4 6 9 |  9.4
Dodging        | 2 4 5 6 9 |  9.0
Fire Magic     | 3 4 6 9 |  9.4
Spellcasting   | 3 5 6 9 |  9.0
Fighting       | 6 |  6.0
Stealth        | |  1.4

Action                   |  1- 3 |  4- 6 |  7- 9 | 10-12 || total
-------------------------+-------+-------+-------+-------++-------
Melee: Unarmed           |    15 |       |       |       ||    15
       Mace              |       |    10 |   114 |    12 ||   136
       Dagger            |       |       |       |    50 ||    50
 Cast: Flame Tongue      |    69 |    71 |   273 |   255 ||   668
       Conjure Flame     |       |       |     2 |    32 ||    34
       Inner Flame       |       |       |     3 |       ||     3
Evoke: Wand              |       |       |       |     4 ||     4
  Use: Scroll            |       |     8 |     6 |       ||    14
       Potion            |       |     1 |     2 |     4 ||     7
 Stab: Sleeping          |       |       |     1 |       ||     1
       Paralysed         |       |       |       |     8 ||     8
  Eat: Chunk             |     2 |     4 |    14 |    12 ||    32
Armor: Robe              |     5 |    11 |   123 |    45 ||   184
       Skin              |       |       |    32 |       ||    32
Dodge: Dodged            |    20 |    18 |   222 |   177 ||   437
